 Dungeon Crawl Stone Soup version 0.16-a0-956-g65bd446 (webtiles) character file.

1132 PolkaDot the Caller (level 8, -8/61 HPs)
             Began as a Vampire Summoner on Oct 1, 2014.
             Killed by divine providence
             ... invoked by an orc priest
              (12 damage)
             ... on Level 5 of the Dungeon.
             The game lasted 00:24:02 (6136 turns).

PolkaDot the Caller (Vampire Summoner)              Turns: 6136, Time: 00:24:03

HP  -8/61        AC  6     Str 12      XL: 8   Next: 13%
MP  13/13        EV 13     Int 20      God:
Gold 499         SH  0     Dex 14      Spells:  4 memorised,  1 level left

rFire  . . .     SeeInvis +     s - +2 quarterstaff (chaos)
rCold  . . .     Clarity  .     l - +0 robe {MR+}
rNeg   . . .     rCorr    .     (no shield)
rPois  .         rRot     .     (no helmet)
rElec  .         Spirit   .     t - +0 cloak
SustAb .         Warding  .     a - +0 pair of gloves
rMut   .         Stasis   .     (no boots)
Gourm  .                        j - amulet of rage
MR     ++...                    (no ring)
                                h - +1 ring of intelligence

@: mighty, regenerating quickly, very resistant to hostile enchantments,
unstealthy
A: bottle blood, fangs 3, thin metallic scales 1, see invisible, magic
resistance 1, unbreathing
a: Bottle Blood, Evoke Berserk Rage


You were on level 5 of the Dungeon.
You were full.

You visited 2 branches of the dungeon, and saw 6 of its levels.
You also visited: Ossuary.

You collected 499 gold pieces.

Inventory:

Hand weapons
 s - a +2 quarterstaff of chaos (weapon)
Armour
 a - a +0 pair of gloves (worn)
 l - a +0 robe of magic resistance (worn)
 t - a +0 cloak (worn)
Magical devices
 d - a wand of digging (5)
 p - a wand of cold (5)
 r - a wand of digging (7)
Scrolls
 c - a scroll of amnesia
 e - a scroll of recharging {unknown}
 g - 2 scrolls of remove curse
 k - a scroll of teleportation
 m - a scroll of blinking {unknown}
 n - a scroll of brand weapon {unknown}
Jewellery
 h - a +1 ring of intelligence (left hand)
 j - an amulet of rage (around neck)
Potions
 f - 2 potions of brilliance
 q - a potion of cancellation
Books
 b - a book of Callings

   Spells                             Type                      Level
   *Summon Small Mammal               Summoning                    1
   *Call Imp                          Summoning                    2
   *Call Canine Familiar              Summoning                    3
   Summon Guardian Golem              Hexes/Summoning              4
   Summon Lightning Spire             Summoning/Air                4
   *Summon Ice Beast                  Ice/Summoning                4


   Skills:
 + Level 4.7 Fighting
 - Level 2.8 Dodging
 - Level 3.0 Stealth
 - Level 2.0 Spellcasting
 * Level 7.5 Summonings
 + Level 4.2 Evocations


You had one spell level left.
You knew the following spells:

 Your Spells              Type           Power        Failure   Level  Hunger
a - Summon Small Mammal   Summ           ####         1%          1    #......
d - Call Canine Familiar  Summ           ####....     1%          3    ###....
i - Summon Ice Beast      Ice/Summ       ###.....     38%         4    #####..
s - Call Imp              Summ           ####....     1%          2    ##.....


Dungeon Overview and Level Annotations

Branches:
Dungeon (5/15)             Temple (1/1) D:4

Altars:
Ashenzari
Cheibriados
Dithmenos
Fedhas
Gozag
Kikubaaqudgha
Nemelex Xobeh
Qazlal
Xom
Yredelemnul
Lugonu

Shops:
D:5 *


Innate Abilities, Weirdness & Mutations

Your natural rate of healing is unusually fast.
You can bottle blood from corpses.
You have razor-sharp teeth.
You have supernaturally acute eyesight.
You can survive without breathing.
You are partially covered in thin metallic scales (AC +2).
You are resistant to hostile enchantments.


Message History

The orc hits you but does no damage.
The orc priest mumbles some strange prayers to Beogh against you.
Something smites you!
* * * LOW HITPOINT WARNING * * *
Drink which item? (? for menu, Esc to quit)
You feel better. The orc hits you with a short sword.
* * * LOW HITPOINT WARNING * * *
Drink which item? (? for menu, Esc to quit)
You feel extremely strange.
Thin metallic scales grow over part of your body.
You feel stronger.
You feel weaker.
It was a potion of mutation.
The orc hits you but does no damage.
The orc priest invokes the aid of Beogh against you.
Something smites you!
* * * LOW HITPOINT WARNING * * *
You sock the orc! You freeze the orc.
You kill the orc!
The orc priest invokes the aid of Beogh against you.
Something smites you!
You die...

#............................
#####.##.#.#......#.####.#######
......##.#.########.# #.#
...≈..##.#..........####.#
......##.#######.........#
.∩.......# #.#########
......#### #.# ...#..# #.#
......# #@# ......# #)# ........
.o# ######## ##.# ###


You could see an orc priest.

Vanquished Creatures
  Grinder (D:4)
  Edmund (D:4)
  A water moccasin (D:4)
  An ogre (D:4)
  A hound (D:5)
  7 worker ants
  5 orc wizards
  3 mummies (Ossuary)
  An adder (D:5)
  2 worms (D:3)
  3 giant geckos
  7 orcs
  A ball python (D:4)
  10 bats
  A bat skeleton (D:5)
  6 giant cockroaches
  11 hobgoblins
  3 jackals (D:4)
  13 kobolds
  A quokka (D:2)
  3 giant newts
  8 goblins
  A hobgoblin zombie (D:5)
  2 kobold zombies (Ossuary)
  A quokka zombie (D:5)
  12 rats
  A rat skeleton (D:5)
107 creatures vanquished.

Vanquished Creatures (collateral kills)
  Menkaure (D:4)
  A water moccasin zombie (D:4)
  Crazy Yiuf (D:4)
  An orc wizard (D:4)
  A big kobold zombie (Ossuary)
  5 mummies (Ossuary)
  An ooze (D:1)
  4 orcs (D:4)
  2 bats
  3 hobgoblins
  2 kobolds (D:1)
  2 gnoll zombies (Ossuary)
  A goblin (D:4)
  2 hobgoblin zombies (Ossuary)
  A jackal (D:4)
  A kobold zombie (Ossuary)
29 creatures vanquished.

Vanquished Creatures (others)
  2 crimson imps (D:4)
  3 hounds (Ossuary)
  An orc wizard (D:3)
  2 white imps
  A quokka (Ossuary)
  2 rats
11 creatures vanquished.

Grand Total: 147 creatures vanquished

Notes
Turn   | Place    | Note
--------------------------------------------------------------
     0 | D:1      | PolkaDot, the Vampire Summoner, began the quest for the Orb.
     0 | D:1      | Reached XP level 1. HP: 13/13 MP: 3/3
   238 | D:1      | Reached skill level 1 in Fighting
   468 | D:1      | Reached XP level 2. HP: 21/21 MP: 4/4
  1165 | D:1      | Learned a level 2 spell: Call Imp
  1611 | D:2      | Reached XP level 3. HP: 23/27 MP: 6/6
  1763 | D:2      | Found an opulent altar of Gozag.
  2314 | D:3      | Reached XP level 4. HP: 29/34 MP: 7/7
  2343 | D:3      | Learned a level 3 spell: Call Canine Familiar
  2764 | D:3      | Reached XP level 5. HP: 25/40 MP: 9/9
  2838 | D:3      | Reached skill level 5 in Summonings
  2838 | D:3      | Reached skill level 1 in Evocations
  3147 | D:4      | Found a staircase to the Ecumenical Temple.
  3154 | Temple   | Entered the Ecumenical Temple
  3237 | D:4      | Found a sand-covered staircase.
  3243 | Ossuary  | Entered an ossuary
  4090 | D:4      | Noticed a water moccasin
  4108 | D:4      | Reached XP level 6. HP: 33/47 MP: 10/10
  4127 | D:4      | Killed a water moccasin
  4495 | D:4      | Noticed Edmund
  4555 | D:4      | Killed Edmund
  4555 | D:4      | Reached skill level 6 in Summonings
  4617 | D:4      | Noticed Crazy Yiuf
  4633 | D:4      | Killed Crazy Yiuf
  4679 | D:4      | Noticed Menkaure
  4706 | D:4      | Killed Menkaure
  4706 | D:4      | Reached XP level 7. HP: 17/53 MP: 2/12
  4982 | D:4      | Noticed an ogre
  4987 | D:4      | Killed an ogre
  5200 | D:4      | Learned a level 4 spell: Summon Ice Beast
  5208 | D:5      | Entered Level 5 of the Dungeon
  5208 | D:5      | Noticed Grinder
  5240 | D:4      | Gained mutation: You are resistant to hostile enchantments. [potion of beneficial mutation]
  5245 | D:4      | Killed Grinder
  5245 | D:4      | Reached skill level 7 in Summonings
  5708 | D:5      | Reached XP level 8. HP: 57/61 MP: 13/13
  5714 | D:5      | Found a sparkling altar of Nemelex Xobeh.
  6084 | D:5      | Found Loroor's Elemental Accessories.
  6135 | D:5      | Gained mutation: You are partially covered in thin metallic scales (AC +2). [potion of mutation]
  6135 | D:5      | Gained mutation: Your muscles are strong. (Str +2) [potion of mutation]
  6135 | D:5      | Lost mutation: Your muscles are strong. (Str +2) [potion of mutation]
  6135 | D:5      | HP: 3/61 [orc priest/divine providence (10)]
  6136 | D:5      | Killed from afar by an orc priest

Action                   |  1- 3 |  4- 6 |  7- 9 || total
-------------------------+-------+-------+-------++-------
Melee: Unarmed           |   146 |       |       ||   146
       Whip              |    39 |    10 |       ||    49
       Dagger            |       |    98 |    54 ||   152
       Spear             |       |    37 |       ||    37
       Quarterstaff      |       |       |    43 ||    43
 Cast: Summon Small Mamm |    25 |     5 |       ||    30
       Call Imp          |       |    14 |     1 ||    15
       Call Canine Famil |       |    10 |     2 ||    12
Evoke: Wand              |       |       |     2 ||     2
  Use: Potion            |     6 |     3 |    10 ||    19
       Scroll            |       |    10 |     1 ||    11
 Stab: Sleeping          |     6 |     3 |     3 ||    12
       Distracted        |       |     1 |       ||     1
  Eat: Corpse            |    18 |    14 |     4 ||    36
